 Dungeon Crawl Stone Soup version 0.27-a0-237-g52650a7530 (webtiles) character file.

Game seed: 6891723157202428612

1038 KristoblXynda the Chopper (level 8, -5/68 HPs)
             Began as a Deep Dwarf Fighter on Feb 2, 2021.
             Was a Follower of Makhleb.
             Slain by Prince Ribbit (11 damage)
             ... on level 5 of the Dungeon.
             The game lasted 00:08:11 (3883 turns).

KristoblXynda the Chopper (Deep Dwarf Fighter)      Turns: 3883, Time: 00:08:12

Health: -5/68      AC: 14    Str: 21    XL:     8   Next: 4%
Magic:  9/9        EV:  8    Int: 10    God:    Makhleb [*.....]
Gold:   321        SH: 10    Dex: 12    Spells: 7/7 levels left

rFire    + . .     SeeInvis .   a - +1 war axe
rCold    . . .     Faith    .   c - +0 kite shield
rNeg     + . .     Spirit   .   p - +4 ring mail of Freezing Lucidity {-Cast Harm rF+ rN+}
rPois    .         Reflect  .   i - +2 helmet
rElec    .         Harm     +   n - +0 cloak
rCorr    .         Rampage  .   (no gloves)
Will     +....     NoCast   +   (no boots)
Stlth    ++........             (no amulet)
HPRegen  0.00/turn              e - ring of stealth
MPRegen  0.11/turn              (no ring)

@: non-regenerating
A: damage resistance, heal wounds, sense surroundings 1, no regeneration
a: Heal Wounds, Renounce Religion


You were on level 5 of the Dungeon.
You worshipped Makhleb.
Makhleb was aware of your devotion.
You visited 1 branch of the dungeon, and saw 5 of its levels.

You collected 321 gold pieces.

Inventory:

Hand Weapons
 a - a +1 war axe (weapon)
Armour
 c - a +0 kite shield (worn)
 i - a +2 helmet (worn)
 n - a +0 cloak (worn)
 p - the +4 ring mail of Freezing Lucidity (worn) {-Cast Harm rF+ rN+}
   (You found it on level 5 of the Dungeon)

   It protects you from fire.
   It protects you from negative energy.
   It prevents spellcasting.
   It increases damage dealt and taken.
Jewellery
 e - a ring of stealth (left hand)
Scrolls
 g - 4 scrolls of teleportation
 j - a scroll of remove curse
 l - 2 scrolls of magic mapping
Potions
 d - a potion of might
 f - a potion of attraction
 h - a potion of haste
 m - a potion of flight
 o - a potion of curing


   Skills:
 - Level 2.6 Fighting
 + Level 7.1 Axes
 + Level 6.0 Armour
 + Level 6.0 Shields
 + Level 2.7 Invocations


You had 7 spell levels left.
You didn't know any spells.
Your spell library was empty.

Dungeon Overview and Level Annotations

Branches:
Dungeon (5/15)
 Temple: D:4-7

Altars:
Kikubaaqudgha
Makhleb
Ru
Trog
Xom

Annotations:
D:5 Prince Ribbit


Innate Abilities, Weirdness & Mutations

You are resistant to damage.
You can heal yourself by infusing magical energy.
You passively map a small area around you.
You do not regenerate.


Message History

Prince Ribbit hits you!
* * * LOW HITPOINT WARNING * * *
You barely miss Prince Ribbit.
Prince Ribbit is lightly wounded.
Prince Ribbit hits you.
* * * LOW HITPOINT WARNING * * *
Prince Ribbit barely misses you.
You slash Prince Ribbit!
Prince Ribbit is heavily wounded.
Prince Ribbit closely misses you. Prince Ribbit hits you.
* * * LOW HITPOINT WARNING * * *
Unknown command.
You feel better.
Prince Ribbit hits you but does no damage.
You barely miss Prince Ribbit.
Prince Ribbit is heavily wounded.
Prince Ribbit hits you!
* * * LOW HITPOINT WARNING * * *
Prince Ribbit hits you!
You die...

* , ,,* * ##++## ,
##....## ...
##......#####
#..###........##.#
#....'....8...'..##
.....'...8....'...#
..####........##..#
...####......###@.#
....####....##
#F..#
..#.##.##''###
#..?..#
).#..##......#
##....#
...........###
...... *
.###.##.....#
.......
...###.........
.###...
....###.....##.#,.#
..# [.......#..##
#* * , , ,


You could see Prince Ribbit.

Vanquished Creatures
  A centaur (D:5)
  A phantom (D:4)
  Blork the orc (D:4)
  3 scorpions
  2 howler monkeys (D:5)
  3 hounds (D:3)
  3 orc priests (D:4)
  Jessica (D:3)
  Natasha (D:3)
  2 orc wizards
  2 worker ants (D:4)
  Robin (D:2)
  10 adders
  A river rat (D:3)
  A shadow imp (D:5)
  A white imp (D:5)
  2 oozes
  3 adder skeletons
  2 dart slugs
  5 leopard geckos (D:3)
  14 orcs
  7 giant cockroaches
  17 goblins
  7 hobgoblins
  8 jackals
  3 quokkas (D:3)
  5 bats
  6 frilled lizards
  5 kobolds
  8 rats
126 creatures vanquished.

Notes
Turn   | Place    | Note
-------+----------+-------------------------------------------
     0 | D:1      | KristoblXynda the Deep Dwarf Fighter began the quest for
                  | the Orb.
     0 | D:1      | Reached XP level 1. HP: 20/20 MP: 1/1
    53 | D:1      | Reached XP level 2. HP: 27/27 MP: 2/2
   336 | D:1      | Reached skill level 3 in Axes
   475 | D:2      | Noticed Robin
   591 | D:2      | Reached XP level 3. HP: 26/33 MP: 3/3
   596 | D:2      | Killed Robin
   951 | D:2      | Found a bloodstained altar of Trog.
   976 | D:2      | Reached XP level 4. HP: 20/40 MP: 4/4
  1106 | D:2      | Reached skill level 4 in Axes
  1136 | D:2      | Found an ancient bone altar of Kikubaaqudgha.
  1342 | D:3      | Reached XP level 5. HP: 13/46 MP: 5/5
  1699 | D:3      | Noticed Jessica
  1711 | D:3      | Killed Jessica
  1856 | D:3      | Reached skill level 5 in Axes
  1973 | D:3      | Found a burning altar of Makhleb.
  1978 | D:3      | Reached XP level 6. HP: 44/55 MP: 6/6
  1981 | D:3      | Became a worshipper of Makhleb the Destroyer
  2055 | D:3      | Noticed Natasha
  2063 | D:3      | Killed Natasha
  2373 | D:4      | Found a sacrificial altar of Ru.
  2424 | D:4      | Reached skill level 5 in Armour
  2437 | D:4      | Reached skill level 6 in Axes
  2437 | D:4      | Reached skill level 5 in Shields
  2439 | D:4      | Reached * piety under Makhleb
  2795 | D:4      | Reached XP level 7. HP: 19/61 MP: 7/7
  2799 | D:4      | Noticed Blork the orc
  2806 | D:4      | Killed Blork the orc
  3180 | D:4      | Found a shimmering altar of Xom.
  3627 | D:5      | Entered Level 5 of the Dungeon
  3641 | D:5      | Reached skill level 1 in Invocations
  3702 | D:5      | Reached skill level 7 in Axes
  3729 | D:5      | Reached XP level 8. HP: 32/68 MP: 7/9
  3822 | D:5      | Got a faintly humming ring mail
  3835 | D:5      | Identified the +4 ring mail of Freezing Lucidity {-Cast
                  | Harm rF+ rN+} (You found it on level 5 of the Dungeon)
  3853 | D:5      | Noticed Prince Ribbit
  3883 | D:5      | Slain by Prince Ribbit

Illustrated notes

Levels and vault maps discovered:
D:1:      grunt_arrival_crossed_arrows, layout_basic
D:2:      layout_rooms, kiku_gazebo_pond_becter, lemuel_crystal_altar,
          uniq_robin
D:3:      layout_loops_corners, makhleb_heckhound_becter,
          gup_sewer_entry_bubbles, uniq_jessica, uniq_natasha
D:4:      layout_basic, general_overflow_altar,
          nicolae_ru_great_annihilating_truth, uniq_blork_the_orc
D:5:      layout_cave_pools, kennysheep_mini, kennysheep_generic_room_3,
          uniq_prince_ribbit1, uniq_grinder

Skill      XL: |  1  2  3  4  5  6  7 |
---------------+----------------------+-----
Axes           | 3 4 5 6 7 |  7.1
Armour         | 4 5 6 |  6.0
Shields        | 4 5 6 |  6.0
Invocations    | 2 |  2.7
Fighting       | |  2.6

Action                   |  1- 3 |  4- 6 |  7- 9 || total
-------------------------+-------+-------+-------++-------
Melee: War axe           |    79 |   254 |   118 ||   451
 Abil: Heal Wounds       |       |     1 |     2 ||     3
  Use: Scroll            |       |     8 |     1 ||     9
       Potion            |       |     4 |     3 ||     7
 Stab: Paralysed         |       |     2 |       ||     2
Armor: Scale mail        |    47 |   100 |    49 ||   196
       Ring mail         |       |       |     3 ||     3
Dodge: Dodged            |    32 |    65 |    32 ||   129
Block: Kite shield       |    51 |   138 |    57 ||   246

Table legend: (Time is in decaauts)
 A = Elapsed time spent in this place.
 B = Non-inter-level travel time spent in this place.
 C = Inter-level travel time spent in this place.
 D = Time resting spent in this place.
 E = Time spent auto-exploring this place.
 F = Levels seen in this place.
 G = Mean time per level.
                   A        B        C        D        E       F      G
               +--------+--------+--------+--------+--------+-----+--------+
         Total |   4119 |   4042 |     77 |    764 |   2014 |   5 |  823.8 |
       Dungeon |   4119 |   4042 |     77 |    764 |   2014 |   5 |  823.8 |
               +--------+--------+--------+--------+--------+-----+--------+

Top non-repeatable levels by time:
     D:4: 1372 daAuts
     D:3: 1197 daAuts
     D:2: 668 daAuts
     D:1: 606 daAuts
     D:5: 275 daAuts
